 Dungeon Crawl Stone Soup version 0.28.0 (webtiles) character file.

Game seed: 6561130054897380478

103 fragbeetle the Chopper (level 4, 0/39 HPs)
             Began as a Hill Orc Fighter on Feb 10, 2022.
             Slain by an orc (5 damage)
             ... on level 3 of the Dungeon.
             The game lasted 00:01:56 (2186 turns).

fragbeetle the Chopper (Hill Orc Fighter)           Turns: 2186, Time: 00:01:57

Health: 0/39       AC:  8    Str: 20    XL:     4   Next: 79%
Magic:  4/4        EV:  9    Int:  8    God:
Gold:   110        SH:  4    Dex: 10    Spells: 3/3 levels left

rFire   . . .      SeeInvis .   a - +0 war axe
rCold   . . .      Faith    .   c - +0 buckler
rNeg    . . .      Spirit   .   b - +0 scale mail
rPois   .          Reflect  .   (no helmet)
rElec   .          Harm     .   e - +0 cloak
rCorr   .          Rampage  .   (no gloves)
Will    .....                   (no boots)
Stlth   ..........              (no amulet)
HPRegen 0.13/turn               (no ring)
MPRegen 0.09/turn               (no ring)

@: no status effects
A: no striking features
a: Convert to Beogh


You were on level 3 of the Dungeon.
You visited 1 branch of the dungeon, and saw 3 of its levels.

You collected 110 gold pieces.

Inventory:

Hand Weapons
 a - a +0 war axe (weapon)
Missiles
 k - 3 poisoned darts (quivered)
 l - 25 sling bullets
Armour
 b - a +0 scale mail (worn)
 c - a +0 buckler (worn)
 e - a +0 cloak (worn)
Scrolls
 f - 2 scrolls of identify {unknown}
 g - a scroll of teleportation {unknown}
 i - a scroll of enchant armour {unknown}
 j - a scroll of holy word {unknown}
 n - a scroll of immolation {unknown}
 o - a scroll of fear {unknown}
Potions
 d - 2 potions of might
 h - 2 potions of flight {unknown}
 m - a potion of brilliance {unknown}
 p - a potion of heal wounds {unknown}
 q - a potion of haste {unknown}


   Skills:
 - Level 3.6 Fighting
 * Level 6.4 Axes
 - Level 3.2 Armour
 - Level 3.2 Shields


You had 3 spell levels left.
You didn't know any spells.
Your spell library contained the following spells:

 Spells                   Type           Power      Damage    Failure   Level
 Corpse Rot               Necr/Air       0%         N/A       94%         2
 Poisonous Vapours        Pois/Air       0%         N/A       94%         2


Dungeon Overview and Level Annotations

Branches:
Dungeon (3/15)

Altars:
Cheibriados
Elyvilon
Gozag
Kikubaaqudgha
Makhleb
Nemelex Xobeh
Okawaru
Qazlal
Sif Muna
Zin
The Shining One

Annotations:
D:2 1 runed translucent door, Crazy Yiuf


Message History

The orc priest shouts!
Found a book of Spatial Translocations.
The orc closely misses you.
You hit the orc but do no damage.
The orc hits you from afar with a +0 trident.
You completely miss the orc priest. You hit the orc.
The orc priest calls upon Beogh to heal the orc.
The orc's wounds heal themselves!
The orc hits you with a +0 hand axe. You block the orc's attack.
The orc priest closely misses you.
You barely miss the orc priest.
The orc priest shouts, "Beogh is our master!
Accept the truth or die!"
You barely miss the orc.
The orc priest threatens, "By the altar or by the axe, you will meet Beogh!"
The orc hits you from afar with a +0 trident.
The orc priest hits you but does no damage.
You closely miss the orc priest. You barely miss the orc.
The orc hits you with a +0 hand axe.
The orc hits you from afar with a +0 trident.
The orc priest hits you with a +0 mace.
You barely miss the orc priest. You barely miss the orc.
The orc barely misses you.
The orc hits you from afar with a +0 trident.
The orc priest mumbles some strange prayers to Beogh against you.
Beogh smites you!
* * * LOW HITPOINT WARNING * * *
The orc barely misses you. The orc hits you but does no damage.
You closely miss the orc priest. You slash the orc!
You kill the orc!
The orc priest barely misses you. The orc hits you but does no damage.
The orc priest barely misses you.
You hit the orc priest.
The orc priest shouts, "Join the one true god or die!"
The orc priest is lightly wounded.
The orc hits you but does no damage. The orc priest hits you with a +0 mace.
* * * LOW HITPOINT WARNING * * *
Unknown command.
You barely miss the orc priest.
The orc priest is lightly wounded.
The orc hits you from afar with a +0 trident.
You die...

.........# ..###..###
.(###..### ..........
#.###..### #......#
############# #.####.#
#...........# .......#
##.._._[_._..#
.......####.....@.o.....
####.........8._)o._.8..
.....#.###..............
####.#.# #.#.._._._._..#
....# #.#..........:#
#..### #.#############
#..# #.# #..# #.# #. #.#


You could see an orc priest and an orc.

Vanquished Creatures
  An iguana (D:2)
  4 adders
  A dart slug (D:3)
  An orc (D:3)
  4 bats
  2 endoplasms
  2 giant cockroaches
  2 goblins (D:1)
  2 hobgoblins
  8 jackals
  4 ball pythons
  2 frilled lizards (D:1)
  3 kobolds (D:1)
  5 rats
41 creatures vanquished.

Notes
Turn   | Place    | Note
-------+----------+-------------------------------------------
     0 | D:1      | fragbeetle the Hill Orc Fighter began the quest for the
                  | Orb.
     0 | D:1      | Reached XP level 1. HP: 19/19 MP: 1/1
    53 | D:1      | Reached skill level 3 in Axes
    56 | D:1      | Reached XP level 2. HP: 18/26 MP: 2/2
   241 | D:1      | Reached skill level 4 in Axes
   613 | D:1      | Reached XP level 3. HP: 31/31 MP: 3/3
  1144 | D:2      | Reached skill level 5 in Axes
  1144 | D:2      | Reached XP level 4. HP: 20/39 MP: 4/4
  1526 | D:2      | Found a runed translucent door.
  1527 | D:2      | Noticed Crazy Yiuf
  1899 | D:3      | Reached skill level 6 in Axes
  2072 | D:3      | Noticed a shining eye
  2076 | D:3      | Found a faded altar of an unknown god.
  2078 | D:3      | Noticed a great orb of eyes
  2078 | D:3      | Noticed a floating eye
  2078 | D:3      | Noticed a great orb of eyes
  2168 | D:3      | Found a white marble altar of Elyvilon.
  2168 | D:3      | Found a snail-covered altar of Cheibriados.
  2170 | D:3      | Found a stormy altar of Qazlal.
  2171 | D:3      | Found a glowing silver altar of Zin.
  2171 | D:3      | Found an opulent altar of Gozag.
  2172 | D:3      | Found a burning altar of Makhleb.
  2173 | D:3      | Found a shimmering blue altar of Sif Muna.
  2173 | D:3      | Found an iron altar of Okawaru.
  2174 | D:3      | Found a sparkling altar of Nemelex Xobeh.
  2175 | D:3      | Found a glowing golden altar of the Shining One.
  2175 | D:3      | Found an ancient bone altar of Kikubaaqudgha.
  2186 | D:3      | Slain by an orc

Illustrated notes

Levels and vault maps discovered:
D:1:      lemuel_arrival_broad_hall, layout_loops_ring
D:2:      layout_basic, chequers_mini_garden, uniq_crazy_yiuf_cottage
D:3:      layout_loops_ring, nicolae_overflows_in_rows,
          hellmonk_ecumenical_altar_watching_god

Skill      XL: |  1  2  3  4 |
---------------+-------------+-----
Axes           | 3 4 5 6 |  6.4
Fighting       | |  3.6
Armour         | |  3.2
Shields        | |  3.2

Action                   |  1- 3 |  4- 6 || total
-------------------------+-------+-------++-------
Melee: War axe           |    85 |    48 ||   133
Armor: Scale mail        |    58 |    17 ||    75
Dodge: Dodged            |    55 |    24 ||    79
Block: Buckler           |    14 |    11 ||    25
